 Dungeon Sprint DCSS version 0.29-a0-819-g94b489e0ae (webtiles) character file.

Game seed: 10305840423040977480

302 Ayihk420 the Fighter (level 6, -3/79 HPs)
             Began as an Ogre Berserker on July 6, 2022.
             Was a Believer of Trog.
             Slain by a yak (6 damage)
             ... in the Dungeon (Sprint I: "Red Sonja").
             The game lasted 00:01:46 (672 turns).

Ayihk420 the Fighter (Ogre Berserker)                Turns: 672, Time: 00:01:47

Health: -3/79      AC:  4    Str: 22    XL:     6   Next: 37%
Magic:  2/2        EV: 11    Int:  8    God:    Trog [**....]
Gold:   162        SH:  0    Dex: 10    Spells: 5/5 levels left

rFire   . . .      SeeInvis .   j - +4 dagger (antimagic)
rCold   . . .      Faith    .   (no shield)
rNeg    . . .      Spirit   .   l - +1 robe
rPois   .          Reflect  .   (helmet restricted)
rElec   .          Harm     .   (no cloak)
rCorr   .          Rampage  .   (gloves unavailable)
Will    .....      NoTele   +   (boots unavailable)
Stlth   +.........              (no amulet)
HPRegen 0.23/turn               (no ring)
MPRegen 0.08/turn               (no ring)

@: no status effects
A: large, unfitting armour, tough skin 1
a: Renounce Religion, Berserk, Trog's Hand


You were in the Dungeon.
You worshipped Trog.
Trog was pleased with you.
You visited 1 branch You collected 162 gold pieces.

Inventory:

Hand Weapons
 a - a +0 hand axe
 j - a +4 antimagic dagger (weapon)
 k - a +0 scythe
Missiles
 b - 6 atropa-tipped darts (quivered)
Armour
 l - a +1 robe (worn)
Jewellery
 m - an amulet of regeneration
Wands
 i - a wand of charming (14)
Scrolls
 h - a scroll of blinking
Potions
 c - a potion of curing
 d - a potion of heal wounds
 e - a potion of haste
 f - 2 potions of magic
 g - a potion of berserk rage


   Skills:
 + Level 10.3 Fighting
 + Level 2.5 Short Blades
 + Level 7.8 Axes
 + Level 7.2 Dodging


You had 5 spell levels left.
You didn't know any spells.
Your spell library was empty.

Dungeon Overview and Level Annotations

Branches:
Dungeon (1/1)

Altars:
Cheibriados
Dithmenos
Elyvilon
Fedhas
Hepliaklqana
Kikubaaqudgha
Okawaru
Qazlal
Ru
Sif Muna
Trog
Uskayaw
Vehumet
Wu Jian
Yredelemnul
Zin
The Shining One

Shops:
D !


Innate Abilities, Weirdness & Mutations

You are too large for most types of armour.
You have tough skin. (AC +1)


Message History

You barely miss the yak.
The yak is lightly wounded.
The yak gores you!
You hit the yak.
The yak is lightly wounded.
The yak gores you.
You hit the yak.
The yak is lightly wounded.
The yak gores you!
You hit the yak.
The yak is moderately wounded.
The yak closely misses you.
You hit the yak but do no damage.
The yak is moderately wounded.
The yak gores you!
You puncture the yak!
The yak is heavily wounded.
You hit the yak.
The yak is heavily wounded.
The yak gores you!
* * * LOW HITPOINT WARNING * * *
You hit the yak.
The yak is severely wounded.
The yak barely misses you.
You hit the yak but do no damage.
The yak is severely wounded.
The yak snorts and paws the ground.
The yak closely misses you.
You hit the yak.
The yak is severely wounded.
The yak gores you!
* * * LOW HITPOINT WARNING * * *
You hit the yak.
The yak is severely wounded.
The yak gores you.
* * * LOW HITPOINT WARNING * * *
You hit the yak but do no damage.
The yak is severely wounded.
The yak gores you.
You die...

################
#<.#..)..#..'..#
#..[..#..'[.#..+
#..#####'#####'#
#..# #..# #.#
#..#__#### ##.#
#..#_____##+#_.+
#⌠⌠#_.∩...Y@.._#
####_..__##_.#+#
___ ##+# #


You could see a yak.

Vanquished Creatures
  Sigmund (D)
  An ogre (D)
  A jelly (D)
  Ijyb (D)
4 creatures vanquished.

Notes
Turn   | Place    | Note
-------+----------+-------------------------------------------
     0 | D        | Ayihk420 the Ogre Berserker began the quest for the Orb.
     0 | D        | Reached XP level 1. HP: 24/24 MP: 1/1
     1 | D        | Noticed Ijyb
     9 | D        | Killed Ijyb
    10 | D        | Reached skill level 5 in Fighting
    10 | D        | Reached XP level 2. HP: 27/36 MP: 0/2
    10 | D        | Reached XP level 3. HP: 33/44 MP: 0/3
   261 | D        | Noticed an ogre
   269 | D        | Killed an ogre
   270 | D        | Reached skill level 7 in Fighting
   270 | D        | Reached skill level 1 in Short Blades
   270 | D        | Reached skill level 5 in Dodging
   270 | D        | Reached XP level 4. HP: 28/57 MP: 1/4
   571 | D        | Noticed Sigmund
   579 | D        | Killed Sigmund
   579 | D        | Reached ** piety under Trog
   580 | D        | Reached skill level 10 in Fighting
   580 | D        | Reached XP level 5. HP: 68/68 MP: 1/5
   580 | D        | Reached XP level 6. HP: 78/78 MP: 2/6
   645 | D        | Found a shimmering blue altar of Sif Muna.
   646 | D        | Found an ornate altar of the Wu Jian Council.
   647 | D        | Found a radiant altar of Vehumet.
   658 | D        | Found Xuetyloj's Distillery.
   658 | D        | Found an ancient bone altar of Kikubaaqudgha.
   658 | D        | Found a hazy altar of Hepliaklqana.
   658 | D        | Found a stormy altar of Qazlal.
   658 | D        | Found a hide-covered altar of Uskayaw.
   658 | D        | Found a blossoming altar of Fedhas.
   658 | D        | Found a bloodstained altar of Trog.
   658 | D        | Found an iron altar of Okawaru.
   658 | D        | Found a basalt altar of Yredelemnul.
   658 | D        | Found a glowing golden altar of the Shining One.
   658 | D        | Found a snail-covered altar of Cheibriados.
   658 | D        | Found a sacrificial altar of Ru.
   658 | D        | Found a glowing silver altar of Zin.
   658 | D        | Found a shadowy altar of Dithmenos.
   658 | D        | Found a white marble altar of Elyvilon.
   658 | D        | Noticed a yak
   671 | D        | HP: 3/79 [yak (4)]
   672 | D        | Slain by a yak

Illustrated notes

Levels and vault maps discovered:
D:        dungeon_sprint_1 [red_sonja_temple_1, red_sonja_temple_small_1]

Skill      XL: |  1  2  3  4 |
---------------+-------------+-----
Fighting       | 5 7 10 | 10.3
Axes           | 4 6 7 |  7.8
Dodging        | 4 5 7 |  7.2
Short Blades   | 1 2 |  2.5

Action                   |  1- 3 |  4- 6 || total
-------------------------+-------+-------++-------
Melee: Hand axe          |     6 |       ||     6
       Dagger            |     7 |    22 ||    29
Invok: Berserk           |     2 |     1 ||     3
Armor: Robe              |       |     1 ||     1
Dodge: Dodged            |       |     3 ||     3

Table legend: (Time is in decaauts)
 A = Elapsed time spent in this place.
 B = Non-inter-level travel time spent in this place.
 C = Inter-level travel time spent in this place.
 D = Time resting spent in this place.
 E = Time spent auto-exploring this place.
 F = Levels seen in this place.
 G = Mean time per level.
                   A        B        C        D        E       F      G
               +--------+--------+--------+--------+--------+-----+--------+
         Total |    701 |    701 |      0 |    603 |      0 |   1 |  701.0 |
       Dungeon |    701 |    701 |      0 |    603 |      0 |   1 |  701.0 |
               +--------+--------+--------+--------+--------+-----+--------+

Top non-repeatable levels by time:
       D: 701 daAuts
